Map: 2000 Atmospheres LE

Players

PattyMac

  • Race: Protoss Protoss

Astrea - Winner!

  • Race: Protoss Protoss

Event: DreamHack SC2 Masters 2021 Winter

VOD

Have the link to the VOD?

Description

Time

  • Played on: Oct. 6, 2021, 6:01 p.m.
  • Length: 6:37

All games in this series

Show
View Real Time Build Order
Export as new Build Order

PattyMac Protoss 

Build Orders: Oracle Opening 

Get SALT Encoding   

  12  0:00  Probe  
  13  0:12  Probe  
  14  0:17  Pylon  
  14  0:24  Probe (Chrono Boost)  
  15  0:36  Probe (Chrono Boost)  
  15  0:41  Gateway  
  16  0:44  Probe (Chrono Boost)  
  16  0:48  Assimilator  
  17  0:51  Probe  
  17  0:55  Assimilator  
  18  1:03  Probe (Chrono Boost)  
  19  1:07  Gateway  
  19  1:12  Probe (Chrono Boost)  
  19  1:17  Probe (Chrono Boost)  
  21  1:27  Cybernetics Core  
  21  1:31  Probe  
  22  1:43  Probe  
  22  1:44  Pylon  
  23  1:51  Pylon  
  23  2:01  Pylon  
  23  2:02  Probe  
  23  2:04  Stargate  
  23  2:07  Warp Gate  
  24  2:18  Stalker  
  28  2:24  Stalker  
  28  2:28  Probe  
  29  2:35  Pylon  
  29  2:46  Probe  
  29  2:49  Oracle (Chrono Boost)  
  33  3:11  Nexus  
  32  3:20  Oracle (Chrono Boost)  
  32  3:23  Probe  
  36  3:35  Probe  
  34  3:47  Probe  
  35  3:48  Shield Battery  
  35  3:50  Oracle  
  38  3:59  Probe  
  36  4:11  Twilight Council  
  36  4:12  Forge  
  36  4:13  Probe (Chrono Boost)  
  37  4:18  Adept  
  37  4:21  Adept  
  42  4:25  Probe (Chrono Boost)  
  43  4:32  Probe (Chrono Boost)  
  43  4:35  Probe (Chrono Boost)  
  43  4:38  Probe (Chrono Boost)  
  45  4:39  Assimilator  
  45  4:41  Probe  
  45  4:44  Sentry  
  48  4:45  Stalker  
  48  4:50  Probe  
  51  4:53  Gateway  
  51  5:05  Pylon  
  47  5:07  Probe  
  47  5:10  Stalker  
  47  5:11  Stalker  
  47  5:12  Probe  
  53  5:19  Probe  
  54  5:21  Pylon  
  54  5:35  Stalker  
  56  5:36  Stalker  
  56  5:40  Probe  
  56  5:42  Shield Battery  
  59  5:51  Stalker  
  57  5:59  Stalker x2  
  57  6:14  Stalker  
  55  6:24  Stalker  
  46  6:32  Stalker  
Show
View Real Time Build Order
Export as new Build Order

Astrea Protoss - Winner!

Build Orders: 1 Gate Expand, Phoenix Opening 

Get SALT Encoding   

  12  0:00  Probe  
  13  0:12  Probe  
  14  0:17  Pylon  
  14  0:24  Probe (Chrono Boost)  
  15  0:36  Gateway, Probe (Chrono Boost)  
  16  0:43  Probe (Chrono Boost)  
  16  0:45  Assimilator  
  17  0:51  Probe  
  18  1:03  Probe  
  19  1:15  Probe  
  20  1:22  Nexus  
  20  1:32  Cybernetics Core  
  20  1:35  Probe  
  21  1:41  Assimilator  
  21  1:47  Probe  
  21  1:52  Pylon  
  22  1:59  Probe  
  23  2:09  Warp Gate  
  23  2:11  Probe  
  26  2:16  Sentry (Chrono Boost)  
  26  2:23  Probe (Chrono Boost)  
  27  2:30  Shield Battery  
  27  2:33  Stalker  
  27  2:35  Probe (Chrono Boost)  
  31  2:41  Probe (Chrono Boost)  
  31  2:43  Robotics Facility  
  32  2:44  Probe (Chrono Boost)  
  32  2:45  Phoenix  
  32  2:48  Probe (Chrono Boost)  
  32  2:49  Probe (Chrono Boost)  
  34  3:00  Probe  
  34  3:01  Probe  
  34  3:04  Stalker  
  37  3:09  Gateway  
  37  3:14  Probe  
  37  3:15  Probe  
  39  3:21  Pylon  
  39  3:27  Probe x2  
  36  3:39  Probe x2  
  35  3:51  Probe x2  
  37  3:59  Stalker  
  38  4:03  Probe (Chrono Boost)  
  38  4:06  Immortal (Chrono Boost)  
  44  4:10  Probe (Chrono Boost)  
  44  4:15  Probe (Chrono Boost)  
  44  4:16  Stalker  
  47  4:20  Shield Battery  
  47  4:21  Probe x2 (Chrono Boost)  
  49  4:27  Pylon  
  49  4:33  Sentry  
  49  4:35  Warp Prism (Chrono Boost)  
  53  4:41  Probe  
  54  4:45  Stalker, Probe  
  54  4:47  Pylon  
  55  5:00  Observer (Chrono Boost)  
  55  5:06  Stalker  
  58  5:14  Probe x2  
  60  5:19  Stalker  
  62  5:22  Pylon  
  62  5:26  Probe x2  
  59  5:36  Stalker x2  
  59  5:39  Probe x2  
  65  5:58  Probe  
  65  6:02  Stalker x2  
  65  6:03  Nexus  
  70  6:18  Probe  
  70  6:21  Probe  
  66  6:32  Stalker x2, Assimilator, Forge  
  63  6:33  Twilight Council, Assimilator  

Tags
 
Add a new tag
Caveats
  • Supply blocks, unpowered buildings, or Contaminate may cause inaccurate times.
  • Supply counts are checked every 10 seconds.